 Dungeon Crawl Stone Soup version 0.23.2-40-g277498a001 (webtiles) character file.

Game seed: 13251158840620007753

4 MalarOregon the Stinger (level 1, -2/14 HPs)
             Began as a Draconian Venom Mage on Sept 19, 2019.
             Slain by an ooze (4 damage)
             ... on level 1 of the Dungeon on Sept 20, 2019.
             The game lasted 00:00:28 (168 turns).

MalarOregon the Stinger (Draconian Venom Mage)       Turns: 168, Time: 00:00:29

Health: -2/14      AC:  4    Str: 10    XL:     1   Next: 50%
Magic:  2/3        EV: 12    Int: 15    God:
Gold:   16         SH:  0    Dex: 11    Spells: 3/4 levels left

rFire    . . .     SeeInvis .   b - +0 club
rCold    . . .     Gourm    .   (no shield)
rNeg     . . .     Faith    .   (armour unavailable)
rPois    .         Spirit   .   (helmet restricted)
rElec    .         Reflect  .   (no cloak)
rCorr    .         Harm     .   (no gloves)
MR       .....                  (no boots)
Stlth    ++........             (no amulet)
HPRegen  0.04/turn              (no ring)
MPRegen  0.08/turn              (no ring)

@: no status effects
A: unfitting armour, cold-blooded, AC +4
a: no special abilities


You were on level 1 of the Dungeon.
You were not hungry.

You visited 1 branch of the dungeon, and saw 1 of its levels.

You collected 16 gold pieces.

Inventory:

Hand Weapons
 b - a +0 club (weapon)
   (You took it off a hobgoblin on level 1 of the Dungeon)
Scrolls
 a - a scroll of identify {unknown}
Comestibles
 e - 2 rations {!d}


   Skills:
 + Level 0.2 Fighting
 + Level 1.8 Dodging
 - Level 1.7 Stealth
 + Level 2.0 Spellcasting
 + Level 1.1 Conjurations
 + Level 3.0 Poison Magic


You had 3 spell levels left.
You knew the following spells:

 Your Spells              Type           Power        Failure   Level  Hunger
a - Sting                 Conj/Pois      #...         10%         1    #......

Your spell library contained the following spells:

 Spells                   Type           Power        Failure   Level  Hunger
 Poisonous Vapours        Pois/Air       #.....       19%         2    ###....
 Mephitic Cloud           Conj/Pois/Air  #.......     36%         3    ###....
 Olgreb's Toxic Radiance  Pois           ##......     54%         4    #####..
 Venom Bolt               Conj/Pois      #.........   95%         5    ######.


Dungeon Overview and Level Annotations

Branches:
Dungeon (1/15)

Altars:


Innate Abilities, Weirdness & Mutations

Your plain brown scales are hard. (AC +4)
You cannot fit into any form of body armour.
You are cold-blooded and may be slowed by cold attacks.


Message History

You kill the hobgoblin!
You start resting.
Found a stone staircase leading down.
There is a stone staircase leading down here.
Found 16 gold pieces.
You now have 16 gold pieces.
An ooze comes into view.
An ooze is nearby!
An ooze is nearby!
Aim: an ooze (resting)
The sting hits the ooze but does no damage.
Aim: an ooze The sting hits the ooze but does no damage.
Aim: an ooze The sting hits the ooze but does no damage.
The ooze hits you but does no damage.
You hit the ooze but do no damage. The ooze hits you.
You hit the ooze but do no damage. The ooze misses you.
You hit the ooze. The ooze hits you.
* * * LOW HITPOINT WARNING * * *
You hit the ooze. The ooze completely misses you.
You hit the ooze. The ooze closely misses you.
You hit the ooze but do no damage. The ooze closely misses you.
You hit the ooze but do no damage. The ooze closely misses you.
You hit the ooze. The ooze hits you but does no damage.
You hit the ooze but do no damage.
You tail-slap the ooze, but do no damage.
The ooze hits you.
* * * LOW HITPOINT WARNING * * *
Aim: an ooze (moderately wounded)
The sting hits the ooze.
The ooze barely misses you.
You barely miss the ooze. The ooze hits you.
* * * LOW HITPOINT WARNING * * *
The ooze jiggles.
You see here a +0 club.
b - a +0 club The ooze closely misses you.
Wield which item (- for none, * to show all)? (? for menu, Esc to quit)
You don't have any such object.
Wield which item (- for none, * to show all)? (? for menu, Esc to quit)
b - a +0 club (weapon)
You hit the ooze. The ooze hits you.
* * * LOW HITPOINT WARNING * * *
The ooze hits you but does no damage.
Aim: an ooze (heavily wounded)
The sting hits the ooze.
The ooze is poisoned.
You hit the ooze.
You tail-slap the ooze, but do no damage.
The ooze hits you.
You die...

#########. #####
#......... ....#
#.#######.# ###.#
#.##....#.#
###.##########.##.##.#.#
.................>.#.#.#
###.##############.#.#.#
..#............J@..#.#.#
#.##################.#.#
#......................#
#####.....#####....#...#
#...#.....#...#....#...#
#.⌠.#.....#.⌠.#.#..#...#
#...#.....#...#.#..#...#
#####.....#####.#..#...#
................#..#...#


You could see an ooze.

Vanquished Creatures
  A giant cockroach (D:1)
  A goblin (D:1)
  A hobgoblin (D:1)
3 creatures vanquished.

Notes
Turn   | Place    | Note
-------+----------+-------------------------------------------
     0 | D:1      | MalarOregon the Draconian Venom Mage began the quest for
                  | the Orb.
     0 | D:1      | Reached XP level 1. HP: 14/14 MP: 3/3
   168 | D:1      | Slain by an ooze

Action                   || total
-------------------------++-------
Melee: Unarmed           ||    11
       Club              ||     2
       Tailslap          ||     2
 Cast: Sting             ||     8
Armor: Skin              ||     3
Dodge: Dodged            ||     7
